 Dungeon Crawl Stone Soup version 0.28-a0-1629-gf728b707aa (webtiles) character file.

Game seed: 3949472259416495883

3 Cecur the Skirmisher (level 1, -1/19 HPs)
             Began as a Palentonga Fighter on Jan 25, 2022.
             Slain by a gnoll (10 damage)
             ... on level 1 of the Dungeon.
             The game lasted 00:00:27 (138 turns).

Cecur the Skirmisher (Palentonga Fighter)            Turns: 138, Time: 00:00:27

Health: -1/19      AC:  6    Str: 19    XL:     1   Next: 41%
Magic:  1/1        EV:  7    Int:  8    God:
Gold:   0          SH:  4    Dex:  9    Spells: 0/0 levels left

rFire   . . .      SeeInvis +   a - +0 war axe
rCold   . . .      Faith    .   c - +0 buckler
rNeg    . . .      Spirit   .   b - +0 scale mail
rPois   .          Reflect  .   (no helmet)
rElec   .          Harm     .   (no cloak)
rCorr   .          Rampage  .   (no gloves)
Will    .....                   (no barding)
Stlth   ..........              (no amulet)
HPRegen 0.06/turn               (no ring)
MPRegen 0.07/turn               (no ring)

@: no status effects
A: large, rugged brown scales 3, see invisible, deformed body, roll 1, armoured
tail
a: Rolling Charge


You were on level 1 of the Dungeon.
You visited 1 branch of the dungeon, and saw 1 of its levels.

Inventory:

Hand Weapons
 a - a +0 war axe (weapon)
Armour
 b - a +0 scale mail (worn)
 c - a +0 buckler (worn)
 e - a +0 chain mail
 f - a +0 scale mail
Potions
 d - a potion of might


   Skills:
 + Level 3.1 Fighting
 + Level 2.0 Axes
 + Level 2.4 Armour
 + Level 2.4 Shields


You couldn't memorise any spells.
You didn't know any spells.
Your spell library was empty.

Dungeon Overview and Level Annotations

Branches:
Dungeon (1/15)

Altars:


Innate Abilities, Weirdness & Mutations

You are completely covered in rugged brown scales. (AC +3, +7% HP)
You have supernaturally acute eyesight. (SInv)
Armour fits poorly on your strangely shaped body.
You can roll at nearby foes to attack.
You have a long armoured tail.


Message History

Found a scale mail.
Things that are here:
22 stones; 18 sling bullets You see here a +0 scale mail.
f - a +0 scale mail
Things that are here:
22 stones; 18 sling bullets
Things that are here:
22 stones; 18 sling bullets A ball python comes into view.
The ball python hisses angrily.
You closely miss the ball python. The ball python bites you.
The ball python bites you but does no damage.
You closely miss the ball python. You tail-slap the ball python.
You kill the ball python!
No target in view!
HP restored.
A ball python comes into view.
A ball python is nearby!
You closely miss the ball python.
The ball python bites you but does no damage.
You slash the ball python!
You kill the ball python!
No target in view!
A rat and a gnoll come into view.
The gnoll is wielding a +0 flail of protection.
Found a hunting sling.
The gnoll moves out of view.
You see here a ball python corpse.
You closely miss the gnoll. The gnoll barely misses you.
The gnoll hits you with a +0 flail of protection.
You closely miss the gnoll.
The gnoll hits you with a +0 flail of protection.
You hit the gnoll but do no damage. You slash the rat!
You kill the rat!
The gnoll barely misses you.
You hit the gnoll but do no damage.
The gnoll hits you with a +0 flail of protection.
The gnoll hits you with a +0 flail of protection!
Ouch! That really hurt!
You die...

.....# .#.#.# .# .#
.#...# ). ..# ######
.# ..# # r#... ####
#. .#.# ...# .. ...#
(#.# #.#.###.#.# .#.#
#...g@....# .#.#
######†..##
.#.##############..##
.#................##
###################


You could see a gnoll.

Vanquished Creatures
  2 ball pythons (D:1)
  2 rats (D:1)
4 creatures vanquished.

Notes
Turn   | Place    | Note
-------+----------+-------------------------------------------
     0 | D:1      | Cecur the Palentonga Fighter began the quest for the Orb.
     0 | D:1      | Reached XP level 1. HP: 19/19 MP: 1/1
     3 | D:1      | Noticed an electric eel
     4 | D:1      | Noticed an electric eel
   138 | D:1      | Slain by a gnoll

Illustrated notes

Levels and vault maps discovered:
D:1:      arrival_aquarium_b, layout_basic, minmay_surrounded

Action                   || total
-------------------------++-------
Melee: War axe           ||     9
       Tailslap          ||     1
Armor: Scale mail        ||     2
Dodge: Dodged            ||     3

Table legend: (Time is in decaauts)
 A = Elapsed time spent in this place.
 B = Non-inter-level travel time spent in this place.
 C = Inter-level travel time spent in this place.
 D = Time resting spent in this place.
 E = Time spent auto-exploring this place.
 F = Levels seen in this place.
 G = Mean time per level.
                   A        B        C        D        E       F      G
               +--------+--------+--------+--------+--------+-----+--------+
         Total |    141 |    141 |      0 |      0 |    103 |   1 |  141.0 |
       Dungeon |    141 |    141 |      0 |      0 |    103 |   1 |  141.0 |
               +--------+--------+--------+--------+--------+-----+--------+

Top non-repeatable levels by time:
     D:1: 141 daAuts
